 Dungeon Crawl Stone Soup version 0.32-a0-329-ge6c31236d6 (webtiles) character file.

Game seed: 10146231911450837230

781 benadryl the Cleaver (level 7, -6/64 HPs)
             Began as a Mountain Dwarf Delver on Feb 16, 2024.
             Mangled by an ice beast (14 damage)
             ... on level 5 of the Dungeon.
             The game lasted 00:07:50 (4303 turns).

benadryl the Cleaver (Mountain Dwarf Delver)        Turns: 4303, Time: 00:07:51

Health: -6/64      AC:  4    Str: 16    XL:     7   Next: 55%
Magic:  7/7        EV: 11    Int: 11    God:
Gold:   302        SH:  0    Dex: 17    Spells: 7/7 levels left

rFire   . . .        a - +0 hand axe (heavy)
rCold   . . .        (no shield)
rNeg    . . .        b - +0 leather armour
rPois   .            m - +0 helmet
rElec   .            p - scarf {+Inv}
rCorr   .            (no gloves)
SInv    .            (no boots)
Will    .....        (no amulet)
Stlth   ++           j - +6 ring of dexterity
HPRegen 0.30/turn    (no ring)
MPRegen 0.10/turn

%: no passive effects
@: mighty
A: runic magic, artefact enchanting
a: Evoke Invisibility


You were on level 5 of the Dungeon.
You visited 1 branch of the dungeon, and saw 5 of its levels.

You collected 302 gold pieces.

Inventory:

Hand Weapons
 a - a +0 heavy hand axe (weapon)
Missiles
 l - a throwing net (quivered)
Armour
 b - a +0 leather armour (worn)
 m - a +0 helmet (worn)
 p - a scarf of invisibility (worn)
Jewellery
 j - a +6 ring of dexterity (left hand)
Wands
 g - a wand of digging (3)
Scrolls
 c - a scroll of fog
 d - 3 scrolls of revelation
 e - a scroll of fear
 h - 2 scrolls of amnesia
 i - 2 scrolls of identify {@r1}
 k - 3 scrolls of enchant armour
Potions
 f - 2 potions of haste
 n - a potion of attraction {unknown}
 o - a potion of might
 q - a potion of resistance {unknown}
 r - 3 potions of curing {unknown}
 t - a potion of heal wounds {unknown}


   Skills:
 + Level 6.4 Fighting
 * Level 8.1 Axes
 - Level 1.3 Dodging
 - Level 3.7 Stealth
 - Level 0.5 Spellcasting
 - Level 1.0 Alchemy


You had 7 spell levels left.
You didn't know any spells.
Your spell library contained the following spells:

 Spells                   Type           Power      Damage    Failure   Level
 Shock                    Conj/Air       0%         1d3       34%         1
 Call Imp                 Summ           0%         N/A       47%         2
 Sublimation of Blood     Necr           0%         N/A       47%         2
 Call Canine Familiar     Summ           0%         N/A       71%         3
 Sigil of Binding         Hex            0%         N/A       71%         3
 Swiftness                Air            0%         N/A       71%         3
 Volatile Blastmotes      Fire/Tloc      0%         2d10      71%         3
 Olgreb's Toxic Radiance  Alch           2%         N/A       92%         4
 Fulminant Prism          Conj/Alch      0%         3d5       96%         4
 Airstrike                Air            0%         2d(0-16)  98%         4
 Dimensional Bullseye     Hex/Tloc       0%         N/A       98%         4
 Iskenderun's Mystic Bla  Conj/Tloc      0%         2d3       98%         4
 Ozocubu's Refrigeration  Ice            0%         4d7       100%        7
 Summon Hydra             Summ           0%         N/A       100%        7
 Discord                  Hex            0%         N/A       100%        8


Dungeon Overview and Level Annotations

Branches:
Dungeon (5/15)
 Temple: D:4-7

Altars:
The Shining One

Annotations:
D:5 Edmund


Innate Abilities, Weirdness & Mutations

Your spellcasting is much less encumbered by armour.
You can use scrolls of enchantment on lesser artefacts.


Message History

You slash the iguana! The iguana barely misses you.
The hound barely misses you. The iguana bites you! The hound bites you.
You slash the hound!
You kill the hound!
You closely miss the iguana. The iguana bites you.
Your Axes skill increases to level 8!
You barely miss the iguana.
The iguana is heavily wounded.
The iguana barely misses you.
You slash the iguana!
You kill the iguana!
An ice beast comes into view.
The ice beast hits you but does no damage.
You barely miss the ice beast.
The ice beast hits you but does no damage.
You closely miss the ice beast. The ice beast hits you.
The ice beast freezes you!
You hit the ice beast.
The ice beast is lightly wounded.
The ice beast hits you. The ice beast freezes you!
The ice beast hits you but does no damage.
You hit the ice beast but do no damage.
The ice beast is lightly wounded.
The ice beast barely misses you.
You closely miss the ice beast.
The ice beast is lightly wounded.
The ice beast hits you. The ice beast freezes you!
* * * LOW HITPOINT WARNING * * *
You feel very mighty all of a sudden.
The ice beast hits you but does no damage.
You slash the ice beast!
The ice beast is heavily wounded.
The ice beast hits you.
* * * LOW HITPOINT WARNING * * *
The ice beast freezes you!
* * * LOW HITPOINT WARNING * * *
The ice beast hits you.
* * * LOW HITPOINT WARNING * * *
The ice beast freezes you!
You die...

.......<.........###
...#...............##
....................###
.....................#
............)........#
.#.........!.......#
#.................#
#................#
##<.........@....#
####.$......Y...#
#####........#
########## #.......
......


You could see an ice beast.

Vanquished Creatures
  An ogre (D:4)
  2 phantoms (D:4)
  2 scorpions
  4 hounds
  A bombardier beetle (D:4)
  2 iguanas
  4 adders
  A white imp (D:4)
  3 dart slugs
  20 orcs
  8 ball pythons
  7 bats
  9 endoplasms
  4 giant cockroaches
  10 goblins
  6 hobgoblins
  A jackal (D:3)
  8 kobolds
  6 quokkas
  2 frilled lizards
  5 rats
106 creatures vanquished.

Notes
Turn   | Place    | Note
-------+----------+-------------------------------------------
     0 | D:5      | benadryl the Mountain Dwarf Delver began the quest for the
                  | Orb.
     0 | D:5      | Reached XP level 1. HP: 19/19 MP: 1/1
    84 | D:5      | Noticed Edmund
   102 | D:4      | Noticed a hound
   181 | D:3      | Found a glowing golden altar of the Shining One.
   228 | D:3      | Reached XP level 2. HP: 25/27 MP: 2/2
   315 | D:1      | Reached skill level 3 in Axes
   894 | D:1      | Reached XP level 3. HP: 33/33 MP: 3/3
  1703 | D:3      | Reached skill level 1 in Alchemy
  1709 | D:3      | Reached XP level 4. HP: 27/41 MP: 4/4
  2139 | D:3      | Noticed a scorpion
  2141 | D:3      | Reached skill level 4 in Axes
  2146 | D:3      | Killed a scorpion
  2147 | D:3      | Reached XP level 5. HP: 23/47 MP: 5/5
  2866 | D:4      | Reached skill level 5 in Fighting
  2866 | D:4      | Reached skill level 5 in Axes
  3099 | D:4      | Reached XP level 6. HP: 42/56 MP: 6/6
  3255 | D:4      | Reached skill level 6 in Axes
  3919 | D:4      | Reached skill level 7 in Axes
  3922 | D:4      | Reached XP level 7. HP: 63/63 MP: 7/7
  4288 | D:5      | Reached skill level 8 in Axes
  4303 | D:5      | Mangled by an ice beast

Illustrated notes

Levels and vault maps discovered:
D:1:      lightli_arrival_isolated_outpost, layout_basic
D:2:      layout_rooms, minmay_tripent
D:3:      minmay_diamond_boxcup, layout_basic, amcnicky_altar_gilded,
          minmay_ruptured
D:4:      minmay_bubble_buster, layout_loops_ring, gup_sewer_entry_bowl
D:5:      layout_cave_pods, uniq_edmund

Skill      XL: |  1  2  3  4  5  6  7 |
---------------+----------------------+-----
Fighting       | 4 5 6 |  6.4
Axes           | 3 4 5 7 8 |  8.1
Alchemy        | 1 |  1.0
Dodging        | |  1.3
Stealth        | |  3.7
Spellcasting   | |  0.5

Action                     |  1- 3 |  4- 6 |  7- 9 || total
---------------------------+-------+-------+-------++-------
  Melee: Hand axe          |   102 |   157 |    36 ||   295
    Use: Scroll            |     5 |     5 |       ||    10
         Potion            |       |     1 |     1 ||     2
   Stab: Sleeping          |     8 |     6 |       ||    14
         Distracted        |       |     1 |       ||     1
 Armour: Leather armour    |    50 |   128 |    33 ||   211
  Dodge: Dodged            |    62 |   147 |    17 ||   226

Table legend: (Time is in decaauts)
 A = Elapsed time spent in this place.
 B = Non-inter-level travel time spent in this place.
 C = Inter-level travel time spent in this place.
 D = Time resting spent in this place.
 E = Time spent auto-exploring this place.
 F = Levels seen in this place.
 G = Mean time per level.
                   A        B        C        D        E       F      G
               +--------+--------+--------+--------+--------+-----+--------+
         Total |   4418 |   4228 |    190 |    675 |   2482 |   5 |  883.6 |
       Dungeon |   4418 |   4228 |    190 |    675 |   2482 |   5 |  883.6 |
               +--------+--------+--------+--------+--------+-----+--------+

Top non-repeatable levels by time:
     D:4: 1636 daAuts
     D:3: 1333 daAuts
     D:1: 972 daAuts
     D:2: 354 daAuts
     D:5: 121 daAuts
